 Dungeon Crawl Stone Soup version 0.23.0 (webtiles) character file.

Game seed: 12939802404027364462

9039 Uhlv the Cleaver (level 11, -1/99 HPs)
             Began as a Minotaur Wanderer on Feb 14, 2019.
             Was a High Priest of Okawaru.
             Slain by Erolcha the fire bat (4 damage)
             ... on level 11 of the Dungeon.
             The game lasted 00:22:18 (10427 turns).

Uhlv the Cleaver (Minotaur Wanderer)               Turns: 10427, Time: 00:22:19

Health: -1/99      AC: 18    Str: 19    XL:     11   Next: 17%
Magic:  11/16      EV:  8    Int:  9    God:    Okawaru [*****.]
Gold:   632        SH:  6    Dex: 11    Spells: 18/18 levels left

rFire    + . .     SeeInvis .   E - -2 demon whip
rCold    . . .     Gourm    .   C - +0 buckler
rNeg     . . .     Faith    .   H - +2 plate armour {rF+}
rPois    .         Spirit   .   h - +1 hat
rElec    .         Reflect  .   (no cloak)
rCorr    +         Harm     .   (no gloves)
MR       .....                  (no boots)
Stlth    ..........             (no amulet)
HPRegen  0.26/turn              D - ring of resist corrosion
MPRegen  0.15/turn              (no ring)

@: heroism, finesse, studying Bows
A: retaliatory headbutt, horns 2
a: Heroism, Finesse, Renounce Religion


You were on level 11 of the Dungeon.
You worshipped Okawaru.
Okawaru was extremely pleased with you.
You were not hungry.

You visited 2 branches of the dungeon, and saw 12 of its levels.

You collected 702 gold pieces.
You spent 70 gold pieces at shops.

Inventory:

Hand Weapons
 a - a +2 hand axe
 B - the +6 spear "Amiw" {vamp, Dex+7}
   (You took it off a gnoll sergeant on level 5 of the Dungeon)

   It inflicts no extra harm, but heals its wielder when it wounds a living foe.
   It affects your dexterity (+7).
 E - a -2 demon whip (weapon)
 I - a +0 war axe of freezing
Armour
 h - a +1 hat (worn)
 C - a +0 buckler (worn)
 H - a +2 plate armour of fire resistance (worn)
Jewellery
 x - an uncursed ring of resist corrosion
 y - a cursed ring of attention {unknown}
 D - a ring of resist corrosion (left hand)
 N - an uncursed ring of wizardry {unknown}
 R - an uncursed ring of protection from magic
Wands
 r - a wand of polymorph (9)
 A - a wand of disintegration (25)
 J - a wand of flame (19)
 O - a wand of random effects (21)
 Q - a wand of iceblast (7)
Scrolls
 b - 7 scrolls of teleportation
 e - 9 scrolls of identify {unknown}
 i - 2 scrolls of magic mapping {unknown}
 m - 2 scrolls of immolation {unknown}
 n - 2 scrolls of amnesia {unknown}
 o - 2 scrolls of random uselessness {unknown}
 q - a scroll of blinking {unknown}
 t - a scroll of enchant armour {unknown}
 v - a scroll of fog {unknown}
 w - 6 scrolls of remove curse {unknown}
 G - a scroll of fear {unknown}
 P - a scroll of noise {unknown}
Potions
 c - 3 potions of curing
 d - 3 potions of might {unknown}
 g - 2 potions of lignification {unknown}
 j - 3 potions of brilliance {unknown}
 k - 3 potions of invisibility {unknown}
 l - a potion of degeneration {unknown}
 p - 3 potions of haste {unknown}
 s - a potion of flight {unknown}
 u - 4 potions of heal wounds {unknown}
 F - a potion of mutation {unknown}
 K - a potion of cancellation {unknown}
 M - a potion of agility {unknown}
Books
 z - a manual of Bows
Comestibles
 f - 24 rations
 L - a chunk of flesh


   Skills:
 + Level 9.7(14.7) Fighting
 - Level 10.3(16.8) Axes
 * Level 8.0(15.3) Maces & Flails
 - Level 4.8(13.2) Polearms
 - Level 6.0(11.0) Armour
 - Level 5.0(10.0) Shields
 + Level 4.1 Spellcasting
 + Level 7.0 Invocations
 - Level 1.0 Evocations


You had 18 spell levels left.
You didn't know any spells.
Your spell library contained the following spells:

 Spells                   Type           Power        Failure   Level  Hunger
 Confusing Touch          Hex            #.....       99%         1    #......
 Shock                    Conj/Air       #...         99%         1    #......
 Summon Small Mammal      Summ           #...         99%         1    #......
 Call Imp                 Summ           #.......     100%        2    ###....
 Ensorcelled Hibernation  Hex/Ice        #.....       100%        2    ###....
 Swiftness                Chrm/Air       #.......     100%        2    ###....
 Call Canine Familiar     Summ           #.......     100%        3    ###....
 Confuse                  Hex            #.......     100%        3    ###....
 Gell's Gravitas          Tloc           #.........   100%        3    ###....
 Static Discharge         Conj/Air       #.......     100%        3    ###....
 Summon Guardian Golem    Hex/Summ       #.......     100%        3    ###....
 Airstrike                Air            #.........   100%        4    #####..
 Petrify                  Tmut/Erth      #.......     100%        4    #####..
 Summon Ice Beast         Ice/Summ       #.......     100%        4    #####..
 Summon Lightning Spire   Summ/Air       #.......     100%        4    #####..
 Bolt of Magma            Conj/Fire/Erth #.........   100%        5    ######.
 Irradiate                Conj/Tmut      #.........   100%        5    ######.
 Iskenderun's Battlesphe  Conj/Chrm      #.......     100%        5    ######.
 Lightning Bolt           Conj/Air       #.........   100%        5    ######.
 Metabolic Englaciation   Hex/Ice        #.........   100%        5    ######.
 Venom Bolt               Conj/Pois      #.........   100%        5    ######.
 Yara's Violent Unravell  Hex/Tmut       #.........   100%        5    ######.
 Freezing Cloud           Conj/Ice/Air   #.........   100%        6    #######
 Iron Shot                Conj/Erth      #.........   100%        6    #######
 Orb of Destruction       Conj           #.........   100%        7    #######
 Spellforged Servitor     Conj/Summ      #.........   100%        7    #######


Dungeon Overview and Level Annotations

Branches:
Dungeon (11/15)            Temple (1/1) D:4            Lair (0/6) D:9
    Orc: D:9-12

Altars:
Cheibriados
Elyvilon
Fedhas
Gozag
Kikubaaqudgha
Makhleb
Nemelex Xobeh
Okawaru
Qazlal
Ru
Trog
Uskayaw
Vehumet
Xom
The Shining One

Shops:
D:6 [   D:7 *   D:9 :

Annotations:
D:8 2 transporters, Graouh's ghost, novice MiFi
D:11 Erolcha


Innate Abilities, Weirdness & Mutations

You reflexively headbutt those who attack you in melee.
You have a pair of horns on your head.


Message History

The bolt of cold hits you!!
* * * LOW HITPOINT WARNING * * *
You see here an arrow.
Unknown command.
Evoke which item? (* to show all) (? for menu, Esc to quit)
Aiming: Polymorph
Press: ? - help, Shift-Dir - straight line, f - Erolcha
Aim: Erolcha, wielding a -3 giant club and wearing a +0 robe (moderately wounded, fast, chance to defeat MR: 17%)
Okay, then.
Evoke which item? (* to show all) (? for menu, Esc to quit)
Aiming: Polymorph
Press: ? - help, Shift-Dir - straight line, f - Erolcha
Aim: Erolcha, wielding a -3 giant club and wearing a +0 robe (moderately wounded, fast, chance to defeat MR: 17%) Erolcha evaporates and reforms as a fire bat!
You block Erolcha's attack.
You can now deal lightning-fast blows.
Erolcha bites you.
* * * LOW HITPOINT WARNING * * *
You are engulfed in flames.
You resist.
You die...

########## ### #........#
####### ..# ###........#
...%... ##.###..........###
......(
..#..)#........@b###.......
##.#.###........#.()).......
.#.#.# #........#####.......
.#.'.# #........# .......
<..### #........# .......
#### #####.#### ####+## ..#
#.


You could see Erolcha the fire bat.

Vanquished Creatures
  2 two-headed ogres
  A troll (D:9)
  The ghost of Zanta616 the Cudgeler, an amateur HuFi (D:5)
  2 hippogriffs (D:11)
  A wyvern (D:8)
  A wraith (D:10)
  2 steam dragons
  4 hungry ghosts
  4 ice beasts
  5 black bears
  8 orc warriors
  4 sky beasts
  3 phantoms
  8 ogres
  2 centaurs
  3 big kobolds
  7 bullfrogs
  2 gnoll sergeants (D:5)
  A wyvern zombie (D:9)
  A scorpion (D:11)
  3 killer bees (D:9)
  5 wights (D:10)
  A vampire bat (D:3)
  A howler monkey (D:10)
  4 crimson imps
  2 jellies
  A centaur skeleton (D:6)
  4 orc priests
  A gnoll shaman (D:5)
  A bullfrog skeleton (D:5)
  4 hounds
  An iguana (D:8)
  12 orc wizards
  Natasha (thrice) (D:2)
  6 worker ants
  2 hound zombies
  A howler monkey zombie (D:8)
  8 adders
  10 gnolls
  A howler monkey skeleton (D:4)
  2 shadow imps
  An adder zombie (D:8)
  2 worms
  An adder skeleton (D:7)
  3 dart slugs (D:1)
  3 fire bats (D:3)
  6 leopard geckos
  33 orcs
  2 spectral bats (D:3)
  A ball python (D:5)
  24 bats
  A bat simulacrum (D:3)
  3 bat skeletons (D:3)
  A bat zombie (D:3)
  6 giant cockroaches
  9 hobgoblins
  12 jackals
  2 quokkas
  8 frilled lizards
  9 goblins
  19 kobolds
  7 rats
288 creatures vanquished.

Vanquished Creatures (others)
  A shadow imp (D:9)
  2 plants (D:5)
3 creatures vanquished.

Grand Total: 291 creatures vanquished

Notes
Turn   | Place    | Note
-------+----------+-------------------------------------------
     0 | D:1      | Uhlv the Minotaur Wanderer began the quest for the Orb.
     0 | D:1      | Uhlv set off with the following items: a +2 hand axe, a
                  | scroll of teleportation, a potion of curing, a +0 robe, a
                  | ration
     0 | D:1      | Reached XP level 1. HP: 16/16 MP: 0/0
    71 | D:1      | Reached skill level 3 in Axes
    73 | D:1      | Reached XP level 2. HP: 10/24 MP: 1/1
   663 | D:1      | Reached XP level 3. HP: 29/29 MP: 2/2
   903 | D:1      | Reached skill level 4 in Axes
  1192 | D:2      | Noticed Natasha
  1196 | D:2      | Killed Natasha
  1204 | D:2      | Reached XP level 4. HP: 18/37 MP: 3/3
  1544 | D:2      | Reached skill level 5 in Axes
  1689 | D:2      | Noticed Natasha
  1701 | D:2      | Killed Natasha
  1845 | D:2      | Reached XP level 5. HP: 45/45 MP: 4/4
  1873 | D:2      | Noticed Natasha
  1879 | D:2      | Killed Natasha
  2018 | D:2      | Found a faded altar of an unknown god.
  2325 | D:3      | Reached skill level 6 in Axes
  2931 | D:3      | Reached XP level 6. HP: 50/52 MP: 5/5
  3001 | D:3      | Reached skill level 7 in Axes
  3157 | D:3      | Found a shimmering altar of Xom.
  3764 | D:4      | Found a staircase to the Ecumenical Temple.
  3771 | Temple   | Entered the Ecumenical Temple
  3782 | Temple   | Became a worshipper of Warmaster Okawaru
  3840 | D:4      | Reached XP level 7. HP: 23/60 MP: 6/6
  4149 | D:4      | Reached skill level 5 in Fighting
  4149 | D:4      | Reached skill level 1 in Invocations
  4244 | D:4      | Found a sacrificial altar of Ru.
  4395 | D:4      | Found a stormy altar of Qazlal.
  4791 | D:5      | Entered Level 5 of the Dungeon
  4811 | D:5      | Reached skill level 8 in Axes
  5068 | D:5      | Reached * piety under Okawaru
  5186 | D:5      | Noticed a hungry ghost
  5202 | D:5      | Killed a hungry ghost
  5202 | D:5      | Reached skill level 9 in Axes
  5202 | D:5      | Reached XP level 8. HP: 69/70 MP: 5/9
  5213 | D:5      | Found a transporter.
  5255 | D:5      | Identified the +6 spear "Amiw" {vamp, Dex+7}
  5256 | D:5      | Found a transporter.
  5442 | D:5      | Noticed Zanta616's ghost (amateur HuFi)
  5468 | D:5      | Killed Zanta616's ghost
  5468 | D:5      | Reached ** piety under Okawaru
  5885 | D:6      | Found a blossoming altar of Fedhas.
  5954 | D:6      | Reached skill level 1 in Polearms
  6014 | D:6      | Reached skill level 1 in Spellcasting
  6132 | D:6      | Reached XP level 9. HP: 63/79 MP: 11/11
  6263 | D:6      | Found Eklev's Armour Shop.
  6329 | D:6      | Reached *** piety under Okawaru
  6834 | D:7      | Found a snail-covered altar of Cheibriados.
  7056 | D:7      | Reached skill level 10 in Axes
  7130 | D:7      | Found an opulent altar of Gozag.
  7333 | D:7      | Reached skill level 5 in Invocations
  7389 | D:7      | Found Sesch's Lightly-Used Armoury.
  7397 | D:7      | Bought a -2 demon whip for 70 gold pieces
  7427 | D:7      | Reached skill level 5 in Shields
  7431 | D:7      | Reached skill level 1 in Maces & Flails
  7840 | D:8      | Found a glowing golden altar of the Shining One.
  8000 | D:8      | Noticed a two-headed ogre
  8019 | D:8      | Reached XP level 10. HP: 85/88 MP: 10/13
  8033 | D:8      | Killed a two-headed ogre
  8033 | D:8      | Reached **** piety under Okawaru
  8220 | D:8      | Found a white marble altar of Elyvilon.
  8396 | D:8      | Found a transporter.
  8405 | D:8      | Found a bloodstained altar of Trog.
  8405 | D:8      | Noticed Graouh's ghost (novice MiFi)
  8410 | D:8      | Found a transporter.
  8415 | D:8      | Noticed a moth of wrath
  8417 | D:8      | Identified the +11 great mace of the Brain {elec, Str+6}
  8417 | D:8      | Noticed a two-headed ogre
  8839 | D:9      | Found a staircase to the Lair.
  8905 | D:9      | Found Waguscheg's Book Boutique.
  8953 | D:9      | Reached skill level 5 in Maces & Flails
  9101 | D:9      | Found a sparkling altar of Nemelex Xobeh.
  9674 | D:10     | Entered Level 10 of the Dungeon
  9706 | D:10     | Noticed a two-headed ogre
  9718 | D:10     | Killed a two-headed ogre
  9718 | D:10     | Reached ***** piety under Okawaru
  9776 | D:10     | Reached XP level 11. HP: 93/97 MP: 15/15
 10074 | D:10     | Received a gift from Okawaru
 10260 | D:10     | Identified the Guide on Bewitching Arcane Weapons
 10391 | D:11     | Noticed Erolcha
 10423 | D:11     | HP: 4/99 [Erolcha/bolt of cold (19)]
 10424 | D:11     | Noticed Erolcha
 10424 | D:11     | Erolcha changed into Erolcha the fire bat
 10427 | D:11     | Slain by Erolcha the fire bat

Skill      XL: |  1  2  3  4  5  6  7  8  9 10 11 |
---------------+----------------------------------+-----
Axes           | 3 4 5 6 7 9 10 | 10.3
Fighting       | 2 3 4 6 7 8 9 |  9.7
Invocations    | 2 4 5 6 7 |  7.0
Shields        | 3 5 |  5.0
Polearms       | 3 4 |  4.8
Spellcasting   | 1 2 3 4 |  4.1
Maces & Flails | 2 7 8 |  8.0
Armour         | |  6.0
Evocations     | |  1.0

Action                   |  1- 3 |  4- 6 |  7- 9 | 10-12 || total
-------------------------+-------+-------+-------+-------++-------
Melee: Hand axe          |    70 |   137 |   115 |       ||   322
       Headbutt          |    10 |    16 |    65 |    74 ||   165
       Unarmed           |       |     9 |    11 |       ||    20
       Spear             |       |       |   187 |       ||   187
       Punch             |       |       |     1 |       ||     1
       Demon whip        |       |       |    60 |   393 ||   453
       War axe           |       |       |    49 |       ||    49
Invok: Heroism           |       |       |    13 |    10 ||    23
       Finesse           |       |       |       |     1 ||     1
Evoke: Wand              |       |       |     2 |     1 ||     3
  Eat: Chunk             |     1 |     8 |    14 |    14 ||    37
       Ration            |       |       |     3 |       ||     3
Armor: Robe              |    25 |    56 |     5 |       ||    86
       Chain mail        |       |       |    70 |       ||    70
       Skin              |       |       |     2 |       ||     2
       Plate armour      |       |       |    48 |   182 ||   230
Dodge: Dodged            |    51 |   109 |   125 |    70 ||   355
Block: Buckler           |       |       |    44 |    69 ||   113
